 Dungeon Crawl Stone Soup version 0.31-b1-20-g67cafac56d (webtiles) character file.

Game seed: 10510517703628406700

3746272 groovy9 the Conqueror (level 27, 199/199 HPs)
             Began as a Gargoyle Berserker on Jan 18, 2024.
             Was the Champion of Trog.
             Escaped with the Orb
             ... and 5 runes
             ... and 1 gem!
             The game lasted 04:24:05 (57896 turns).

groovy9 the Conqueror (Gargoyle Berserker)         Turns: 57896, Time: 04:24:05

Health: 199/199    AC: 74    Str: 47    XL:     27
Magic:  20/20      EV: 10    Int: 13    God:    Trog [******]
Gold:   7278       SH: 24    Dex:  9    Spells: 26/26 levels left

rFire   + . .        o - +9 broad axe (vamp)
rCold   + . .        l - +1 tower shield of Omoidyna {Rampage ^Drain rElec SInv}
rNeg    + . .        a - +7 crystal plate armour
rPois   ∞            k - +3 crown of Dyrovepreva {rElec Int+2 SInv}
rElec   +            h - +4 dragonskin cloak
rCorr   +            r - +0 pair of gloves of Perfidy {Str+6 Int+3}
SInv    +            F - +2 pair of boots of the Sea {rC+ rCorr}
Will    +++++        q - amulet "Xougary" {rPois Will++ Regen+} Stlth
                     D - ring "Idekex" {Will++ Str+6}
HPRegen 2.13/turn    O - ring of protection from fire
MPRegen 0.17/turn

%: clarity, rampage
@: flying
A: sickness immunity, AC +20, big wings, negative energy resistance 1,
electricity resistance, torment resistance 1, petrification resistance, clarity,
low MP 1, mutation resistance 1, regeneration 1, no potion heal 1, persistent
drain
0: Orb of Zot
}: 5/15 runes: serpentine, barnacled, slimy, silver, abyssal
a: Renounce Religion, Berserk, Trog's Hand, Brothers in Arms


You escaped.
You worshipped Trog.
Trog was exalted by your worship.
You visited 12 branches of the dungeon, and saw 56 of its levels.
You visited the Abyss 1 time.
You visited 1 ziggurat, and saw 1 of its levels.
You also visited: Sewer and Gauntlet.

You collected 10076 gold pieces.
You spent 2798 gold pieces at shops.

Inventory:

Hand Weapons
 o - a +9 vampiric broad axe (weapon)
Armour
 a - a +7 crystal plate armour (worn)
 h - the +4 dragonskin cloak (worn)
   (You took it off Tiamat on level 1 of the Realm of Zot)

   Avatar's Aegis: It grants the wearer a chance to resist fire, cold, poison,
   electricity, acid, and negative energy.
 k - the +3 crown of Dyrovepreva (worn) {rElec Int+2 SInv}
   (You bought it in a shop on level 1 of the Elven Halls)

   Int+2:     It affects your intelligence (+2).
   rElec:     It insulates you from electricity.
   SInv:      It lets you see invisible.
 l - the +1 tower shield of Omoidyna (worn) {Rampage ^Drain rElec SInv}
   (You acquired it on level 2 of the Shoals)

   rElec:     It insulates you from electricity.
   SInv:      It lets you see invisible.
   ^Drain:    It drains your maximum health when unequipped.
   Rampage:   It bestows one free step when moving towards enemies.
 r - the +0 pair of gloves of Perfidy (worn) {Str+6 Int+3}
   (You found it in a Gauntlet)

   Str+6:     It affects your strength (+6).
   Int+3:     It affects your intelligence (+3).
 y - the +1 hat of Farfalle {Dex+6}
   (You found it in a Gauntlet)

   Dex+6:     It affects your dexterity (+6).
 F - the +2 pair of boots of the Sea (worn) {rC+ rCorr}
   (You found it on level 5 of the Realm of Zot)

   rC+:       It protects you from cold.
   rCorr:     It protects you from acid and corrosion.
Jewellery
 b - the amulet "Fipt" {Acrobat Harm rC+++ rCorr Str-4}
   (You found it on level 5 of the Pits of Slime)

   [amulet of the acrobat]

   Acrobat:   It increases your evasion while moving and waiting.
   Str-4:     It affects your strength (-4).
   rC+++:     It renders you almost immune to cold.
   rCorr:     It protects you from acid and corrosion.
   Harm:      It increases damage dealt and taken.
 q - the amulet "Xougary" (around neck) {rPois Will++ Regen+}
   (You found it on level 5 of the Vaults)

   [amulet of regeneration]

   rPois:     It protects you from poison Will++: It greatly increases your
   willpower.
   Regen+:    It increases your rate of health regeneration.
 z - the ring "Zosmeore" {rN+ Dex+4}
   (You found it on level 5 of the Pits of Slime)

   [ring of positive energy]

   Dex+4:     It affects your dexterity (+4).
   rN+:       It protects you from negative energy.
 D - the ring "Idekex" (left hand) {Will++ Str+6}
   (You found it on level 5 of the Vaults)

   [ring of strength]

   Str+6:     It affects your strength (+6).
   Will++:    It greatly increases your willpower.
 E - a +6 ring of dexterity
 G - the ring "Nynauw" {rElec rC+ rN+ Str+3 Dex+4}
   (You found it on level 3 of the Elven Halls)

   [ring of protection from cold]

   Str+3:     It affects your strength (+3).
   Dex+4:     It affects your dexterity (+4).
   rC+:       It protects you from cold.
   rElec:     It insulates you from electricity.
   rN+:       It protects you from negative energy.
 J - the ring of Teiwec {^Drain AC+4 Str+2 Stlth+}
   (You found it on level 5 of the Pits of Slime)

   [ring of protection]

   AC+4:      It affects your AC (+4).
   Str+2:     It affects your strength (+2).
   ^Drain:    It drains your maximum health when unequipped.
   Stlth+:    It makes you more stealthy.
 O - a ring of protection from fire (right hand)
Wands
 c - a wand of digging (24)
Scrolls
 d - 15 scrolls of teleportation
 e - 11 scrolls of poison
 f - 10 scrolls of immolation
 p - 10 scrolls of blinking
 v - 33 scrolls of identify
 w - 2 scrolls of torment
 x - 10 scrolls of revelation
 B - 14 scrolls of fog
 I - 3 scrolls of enchant weapon
 K - 4 scrolls of summoning
 M - 6 scrolls of fear
 N - 4 scrolls of vulnerability
 P - 11 scrolls of amnesia
 R - 2 scrolls of silence
 U - a scroll of brand weapon
 Y - a scroll of acquirement
Potions
 g - 3 potions of berserk rage
 i - 10 potions of might
 j - 8 potions of lignification
 m - 3 potions of ambrosia
 s - 7 potions of heal wounds
 t - 9 potions of enlightenment
 u - 22 potions of curing
 A - 3 potions of mutation
 H - 10 potions of haste
 Q - 3 potions of cancellation
 V - 7 potions of invisibility
 X - 2 potions of resistance
Miscellaneous
 n - a phantom mirror
 S - a box of beasts
 T - a lightning rod (4/4)
 W - the horn of Geryon
 Z - a phial of floods


   Skills:
 O Level 27 Fighting
 + Level 18.2(20.2) Axes
 - Level 16.1(20.1) Maces & Flails
 O Level 27 Armour
 - Level 1.5 Dodging
 O Level 27 Shields
 + Level 16.1 Evocations


You had 26 spell levels left.
You didn't know any spells.
Your spell library was empty.

Dungeon Overview and Level Annotations

Branches:
Dungeon (15/15)            Temple (0/1) D:4            Lair (5/5) D:10
 Shoals (4/4) Lair:2        Snake (4/4) Lair:3        Slime (5/5) Lair:5
    Orc (2/2) D:12            Elf (3/3) Orc:2        Vaults (5/5) D:14
  Crypt (3/3) Vaults:2       Tomb (0/3) Crypt:3      Depths (4/4) D:15
   Hell (visited)             Dis (0/7) Hell            Geh (0/7) Hell
    Coc (0/7) Hell            Tar (0/7) Hell            Zot (5/5) Depths:4
  Sewer (visited)         Gauntlet (visited)

Altars:
Ashenzari
Dithmenos
Elyvilon
Fedhas
Hepliaklqana
Kikubaaqudgha
Makhleb
Sif Muna
Vehumet
Wu Jian
Xom
Yredelemnul
Zin
Jiyva

Shops:
D:8 :=   D:9 :   Orc:2 =(*[=   Elf:1 [((   Elf:2 =   Elf:3 ?   Shoals:2 [
Snake:1 *   Snake:2 (   Depths:4 [

Portals:
Hell: Depths:1 Depths:2 Depths:3 Depths:4
Abyss: Zot:4 Depths:3 Depths:4
Pandemonium: Depths:2

Annotations:
D:4 Sigmund


Innate Abilities, Weirdness & Mutations

You are immune to sickness and miasma.
Your stone body is resilient. (AC +20)
You are immune to poison.
Your large and strong wings let you fly.
You resist negative energy. (rN+)
You are resistant to electric shocks. (rElec)
You are resistant to unholy torment.
You are immune to petrification.
You possess an exceptional clarity of mind.
Your magical capacity is low. (-10% MP)
You are somewhat resistant to further mutation.
Your natural rate of healing is unusually fast.
Potions are less effective at restoring your health.
Your health recovers twice as slowly from being drained.


Message History

You block the Orb Guardian's attack.
You slash the Orb Guardian!
The Orb Guardian is almost dead.
The Orb Guardian hits you but does no damage.
You barely miss the Orb Guardian.
The Orb Guardian is almost dead.
The Orb Guardian hits you but does no damage.
You slash the Orb Guardian!
You kill the Orb Guardian!
Trog accepts your kill.
No target in view!
What level of the Dungeon? (default 1, ? - help)
You see here a +0 falchion.
Things that are here:
a +0 ring mail; a +0 whip; a +0 club
There is a stone staircase leading up here.
You fly upwards.
Level annotation: Sigmund
There is a stone staircase leading down here.
There is an open door here.
There is an escape hatch in the ceiling here.
A mysterious force pulls you upwards. The hatch slams shut behind you.
Things that are here:
a +0 scale mail; a +0 hand axe; an orc skeleton
There is a stone staircase leading up here.
You fly upwards.
There is a stone staircase leading down here.
A sun demon comes into view.
The sun demon moves out of view.
You can't go up here!
There is a stone staircase leading up here.
You fly upwards.
There is a stone staircase leading down here.
Okay, then.
Unknown command.
Okay, then.
There is a stone staircase leading down here.
There is an escape hatch in the floor here.
There is a staircase leading out of the dungeon here.
You have escaped!

################
#.............>#
#..8..8..8..8..##
#...............##
#.................
#@............>##.
#..............##.
#...............#.
#..8..8..8..8.....
#.............>##.
#################.
#. #. #.


There were no monsters in sight!

Vanquished Creatures
  the Royal Jelly (Slime:5)
  3 dread liches
  Tiamat (Zot:1)
  3 ancient liches
  4 orbs of fire
  The ghost of Sofait the Black Belt, a legendary GnFE of Okawaru (Zot:4)
  A juggernaut (Depths:1)
  Sojobo (Crypt:1)
  The ghost of Qiwept the Fencer, a veteran BaIE of Cheibriados (Depths:1)
  3 Killer Klowns (Zot:5)
  4 caustic shrikes
  A curse toe (Zot:5)
  Saint Roka (Orc:2)
  Geryon (Hell)
  10 golden dragons
  2 profane servitors
  2 electric golems
  3 bone dragons
  3 doom hounds (Zot:2)
  A shard shrike zombie (Crypt:3)
  2 Brimstone Fiends
  Zenata (Vaults:2)
  Jorgrun (Shoals:1)
  5 hellephants
  A Hell Sentinel (Zot:4)
  23 tentacled monstrosities
  Grunn (Zot:2)
  A tainted leviathan (Hell)
  28 Orb Guardians
  4 liches
  Asterion (Elf:3)
  Mlioglotl (Shoals:4)
  A walking crystal tome (Depths:3)
  3 deep elf blademasters
  A walking divine tome (Depths:2)
  12 acid blobs (Slime:5)
  A walking frostbound tome (Depths:3)
  6 sphinxes
  4 ancient champions (Crypt:3)
  4 deep elf master archers (Elf:3)
  4 titans
  5 quicksilver dragons
  5 death cobs
  6 tentacled starspawn
  Murray (Hell)
  Frances (Shoals:1)
  2 krakens
  Aizul (Snake:2)
  8 shadow dragons
  Donald (Vaults:4)
  6 tengu reavers
  5 draconian knights
  7 nagarajas (Snake:4)
  Roxanne (Snake:2)
  2 daevas
  23 storm dragons
  11 azure jellies
  13 rockslimes (Slime:5)
  7 protean progenitors
  4 draconian monks
  7 frost giants
  6 iron dragons
  7 draconian shifters
  10 fire giants
  4 spectral caustic shrikes (Depths:1)
  15 vault wardens
  3 draconian scorchers
  6 ghouls
  8 deep elf sorcerers
  7 deep elf elementalists (Elf:3)
  A balrug (Hell)
  7 draconian stormcallers
  A ghost moth (Zot:3)
  A juggernaut zombie (Crypt:2)
  2 curse skulls
  8 draconian annihilators
  A caustic shrike zombie (Crypt:2)
  3 cacodemons
  4 spriggan defenders
  17 very ugly things
  3 reapers (Hell)
  A demonspawn corrupter (D:9)
  An orc warlord (Orc:2)
  10 stone giants
  6 quicksilver oozes
  4 formless jellyfish
  A juggernaut skeleton (Crypt:3)
  12 ironbound preservers
  13 black draconians
  4 ironbound thunderhulks
  15 green draconians
  18 yellow draconians
  10 deep elf demonologists
  11 deep elf death magi
  5 putrid mouths (Hell)
  11 vampire knights
  15 dire elephants
  A starcursed mass (Abyss:3)
  3 deep elf annihilators (Elf:3)
  16 purple draconians
  A minotaur (Gauntlet)
  16 white draconians
  A war gargoyle (Vaults:5)
  2 spark wasps
  10 red draconians
  5 eidola
  Snorg (D:14)
  3 iron golems (Hell)
  4 merfolk javelineers
  20 merfolk impalers
  10 jiangshi
  A mummy priest (Crypt:3)
  2 pearl dragon zombies (Depths:1)
  A green death (Zot:5)
  A shambling mangrove (Abyss:3)
  6 fire dragons
  2 crystal guardians (Zot:4)
  8 ettins
  18 yaktaur captains
  5 deep elf high priests
  10 ice dragons
  2 spriggan zombies
  An entropy weaver (Vaults:3)
  Fannar (Lair:1)
  A quicksilver dragon zombie (Crypt:3)
  9 rakshasas
  2 ghost crabs (Abyss:3)
  12 great orbs of eyes
  4 hydras
  31 vault guards
  2 catoblepae
  7 ironbound frosthearts
  5 boulder beetles
  4 ogre magi
  Erica (Lair:1)
  Harold (D:11)
  2 radroaches (Zot:1)
  4 spriggan air magi
  A spriggan skeleton (Crypt:3)
  4 merfolk avatars
  12 centaur warriors
  7 two-headed ogres
  9 merfolk aquamancers
  9 anacondas
  29 dancing weapons
  2 satyrs
  5 deep troll shamans
  3 tengu warriors
  13 naga warriors
  11 death yaks
  2 death knights
  9 hell hogs
  3 deep troll earth magi
  10 naga sharpshooters
  2 orc high priests
  A titan zombie (Crypt:3)
  An occultist (Depths:3)
  7 spriggan berserkers
  10 vampire magi
  5 thrashing horrors (Abyss:3)
  5 shock serpents
  10 hell knights
  4 soul eaters
  16 deep elf knights
  3 sun demons (Hell)
  5 iron trolls
  Sonja (D:10)
  A fire crab (Abyss:3)
  3 shadow wraiths (Crypt:2)
  A salamander mystic (Snake:2)
  4 sixfirhies
  A wretched star (Zot:4)
  Nergalle (D:11)
  2 goliath frogs (Zot:2)
  An anaconda zombie (Hell)
  15 skeletal warriors
  47 deep trolls
  Lodul (D:14)
  7 arcanists
  A sun moth (shapeshifter) (Vaults:5)
  A mana viper (shapeshifter) (Depths:3)
  5 skysharks
  11 sea snakes
  7 flayed ghosts
  8 large abominations (Depths:4)
  2 bog bodies
  5 glowing orange brains
  A shadow demon (D:9)
  3 naga ritualists
  18 deep elf archers
  11 lindwurms
  8 mana vipers
  An orange crystal statue (Elf:2)
  A swamp dragon (shapeshifter) (Vaults:3)
  12 phantasmal warriors
  Pikel (D:4)
  25 harpies
  A bunyip skeleton (Crypt:2)
  An iron giant skeleton (Crypt:3)
  11 necromancers
  28 deep elf zephyrmancers
  18 ironbound convokers
  An alligator zombie (Hell)
  35 deep elf pyromancers
  6 orc knights
  3 shining eyes
  11 manticores
  A faun (shapeshifter) (Zot:4)
  4 orc sorcerers
  3 wolf spiders (Zot:3)
  30 moths of wrath
  10 fauns
  An oklob plant (Lair:1)
  17 salamanders
  A cyclops (shapeshifter) (Vaults:5)
  31 ugly things
  A stone giant skeleton (Depths:1)
  15 elephants
  2 alligator skeletons
  2 cyclopes
  A fire giant skeleton (Depths:1)
  A frost giant skeleton (Crypt:1)
  A worldbinder (Abyss:3)
  4 kobold blastminers (Orc:1)
  A torpor snail (shapeshifter) (D:15)
  A human skeleton (Crypt:3)
  A black mamba (shapeshifter) (D:13)
  4 apis skeletons (Depths:1)
  2 apocalypse crabs (Abyss:3)
  12 torpor snails
  A water nymph (shapeshifter) (Vaults:5)
  9 rust devils
  42 black mambas
  2 merfolk sirens
  An eye of devastation (Slime:5)
  12 vault sentinels
  5 molten gargoyles (Hell)
  9 guardian serpents
  4 orange demons
  8 smoke demons
  22 cane toads
  A gargoyle (D:12)
  28 naga magi
  A hellion (Abyss:3)
  10 water nymphs
  A dire elephant skeleton (Crypt:2)
  Jeremiah (D:9)
  A centaur skeleton (Crypt:3)
  5 freezing wraiths
  An efreet (D:14)
  A minotaur zombie (Gauntlet)
  5 rime drakes
  Maggie (D:10)
  A green draconian zombie (Crypt:2)
  8 guardian mummies (Crypt:3)
  3 unseen horrors
  A grey draconian skeleton (Crypt:3)
  36 yaktaurs
  An ancient zyme (Abyss:3)
  3 hydra zombies (Hell)
  13 komodo dragons
  8 ice devils
  A catoblepas skeleton (Crypt:2)
  2 red devils
  2 merfolk (shapeshifter)
  A queen bee (shapeshifter) (D:15)
  11 trolls
  37 merfolk
  10 wind drakes
  12 hornets
  An iron troll skeleton (Crypt:1)
  A harpy skeleton (Crypt:3)
  5 polar bears
  2 alligator simulacra
  4 tyrant leeches (Lair:5)
  A glass eye (Slime:5)
  24 blink frogs
  2 hydra skeletons (Hell)
  9 snapping turtles
  A snapping turtle (shapeshifter) (Depths:3)
  A raiju (Abyss:3)
  A culicivora (Zig:1)
  10 dream sheep
  45 water elementals
  A culicivora (shapeshifter) (Vaults:5)
  A spriggan (shapeshifter) (Vaults:5)
  3 spriggans
  4 air elementals
  55 slime creatures
  5 ynoxinuls
  A fire dragon skeleton (Crypt:1)
  2 shadows
  36 yaks
  2 vampires
  5 wraiths
  A fire bat (shapeshifter) (Depths:3)
  3 fire bats (Gauntlet)
  A dire elephant simulacrum (Crypt:3)
  3 fire elementals
  3 wargs
  A yak (shapeshifter) (Depths:2)
  11 basilisks
  An alligator snapping turtle simulacrum (Crypt:2)
  3 steam dragons
  6 wyverns
  3 chaos spawn (Depths:4)
  3 neqoxecs (Abyss:3)
  A sea snake simulacrum (Hell)
  17 vampire mosquitoes
  A skyshark zombie (Crypt:1)
  9 small abominations
  49 nagas
  A merfolk zombie (Crypt:1)
  3 acid dragons
  26 water moccasins
  7 hydra simulacra (Depths:1)
  3 hell hounds (Gauntlet)
  A deep troll skeleton (Crypt:3)
  A glowing shapeshifter skeleton (Depths:1)
  A demonspawn skeleton (Crypt:3)
  2 ice beasts
  4 black bears
  19 laughing skulls
  34 orc warriors
  17 ogres
  16 wolves
  3 lemures (D:4)
  3 centaurs
  4 phantoms
  A hog skeleton (Crypt:3)
  A yaktaur zombie (Crypt:1)
  A kobold brigand (Sewer)
  11 bullfrogs
  3 scorpions
  A draconian skeleton (Crypt:3)
  3 earth elementals
  A yaktaur skeleton (Crypt:2)
  3 gnoll sergeants
  2 necrophages
  A cyclops skeleton (Crypt:1)
  4 wights (D:9)
  5 killer bees (D:11)
  A yak zombie (Crypt:1)
  A shapeshifter skeleton (Crypt:1)
  2 howler monkeys
  A bullfrog zombie (Crypt:3)
  3 jellies
  A quasit (Abyss:3)
  2 bombardier beetles
  22 orc priests
  A hound (D:6)
  A gnoll bouda (D:6)
  A sleepcap (D:7)
  2 iguanas
  25 orc wizards
  Ijyb (D:4)
  7 hell rats (Hell)
  8 ogre zombies (D:12)
  A naga zombie (Crypt:2)
  A mummy (Crypt:3)
  20 gnolls
  8 adders
  3 river rats (Sewer)
  4 shadow imps
  A steam dragon skeleton (Crypt:2)
  5 white imps
  4 ufetubi
  A jelly zombie (Crypt:2)
  An adder skeleton (Crypt:3)
  A ribbon worm (D:3)
  2 dart slugs
  82 orcs
  7 bats
  11 endoplasms
  6 giant cockroaches
  3 gnoll zombies
  10 goblins
  7 hobgoblins
  A jackal (Sewer)
  6 quokkas
  7 ball pythons
  A frilled lizard (D:1)
  6 gnoll skeletons
  A goblin zombie (Crypt:2)
  7 kobolds
  2 orc skeletons
  17 orc zombies (D:12)
  4 rats
  An aspiring flesh (Zot:3)
  A butterfly (D:4)
  A spectral weapon (Elf:3)
  9 starspawn tentacles
  6 tentacles
2588 creatures vanquished.

Vanquished Creatures (others)
  A fire giant (Depths:3)
  A draconian knight (Zot:1)
  Nessos (D:15)
  A fire crab (Abyss:3)
  A necromancer (Depths:2)
  3 deep elf pyromancers (Elf:1)
  A water elemental (Shoals:3)
  A brain worm (Abyss:3)
  A lurking horror (Abyss:3)
  50 spectral weapons
  11 starspawn tentacles
  2 tentacles (Abyss:3)
74 creatures vanquished.

Grand Total: 2662 creatures vanquished

Notes
Turn   | Place    | Note
-------+----------+-------------------------------------------
     0 | D:1      | groovy9 the Gargoyle Berserker began the quest for the Orb.
     0 | D:1      | Reached XP level 1. HP: 14/14 MP: 1/1
    53 | D:1      | Reached XP level 2. HP: 16/19 MP: 2/2
   456 | D:1      | Reached XP level 3. HP: 23/23 MP: 3/3
   534 | D:1      | Reached ** piety under Trog
  1567 | D:3      | Reached XP level 4. HP: 29/29 MP: 4/4
  2418 | D:4      | Reached XP level 5. HP: 25/33 MP: 5/5
  2487 | D:4      | Found a staircase to the Ecumenical Temple.
  2487 | D:4      | Noticed a lemure
  2487 | D:4      | Noticed a lemure
  2488 | D:4      | Noticed Pikel
  2510 | D:4      | Killed a lemure
  2537 | D:4      | Killed a lemure
  2555 | D:4      | Noticed Sigmund
  2562 | D:4      | Noticed a phantom
  2564 | D:4      | Gained mutation: Your natural rate of healing is unusually
                  | fast. [potion of mutation]
  2564 | D:4      | Gained mutation: You have a pair of small antennae on your
                  | head. [potion of mutation]
  2569 | D:4      | Reached skill level 5 in Maces & Flails
  2580 | D:3      | Killed a phantom
  2581 | D:3      | Reached XP level 6. HP: 39/39 MP: 6/6
  2763 | D:4      | Killed Pikel
  2764 | D:4      | Reached skill level 5 in Fighting
  2764 | D:4      | Reached skill level 5 in Armour
  2764 | D:4      | Reached XP level 7. HP: 45/45 MP: 7/7
  2908 | D:4      | Reached XP level 8. HP: 51/51 MP: 8/8
  3038 | D:4      | Noticed Ijyb
  3044 | D:4      | Killed Ijyb
  3131 | D:5      | Entered Level 5 of the Dungeon
  3131 | D:5      | Found a radiant altar of Vehumet.
  3131 | D:5      | Found a glowing silver altar of Zin.
  3225 | D:5      | Reached *** piety under Trog
  3248 | D:5      | Found a shimmering altar of Xom.
  3250 | D:5      | Found a white marble altar of Elyvilon.
  3251 | D:5      | Found an ancient bone altar of Kikubaaqudgha.
  3313 | D:5      | Found a glowing drain.
  3323 | Sewer    | Entered a sewer
  3422 | Sewer    | Found a glowing silver altar of Zin.
  3581 | D:5      | Identified the +10 dagger "Ixumpuegyr" {freeze, rC- rN++}
  3920 | D:5      | Found an ornate altar of the Wu Jian Council.
  3925 | D:5      | Found a hazy altar of Hepliaklqana.
  4383 | D:6      | Reached XP level 9. HP: 56/56 MP: 9/9
  4665 | D:6      | Reached **** piety under Trog
  5332 | D:7      | Reached skill level 10 in Maces & Flails
  5636 | D:7      | Reached skill level 1 in Shields
  5636 | D:7      | Reached XP level 10. HP: 64/64 MP: 10/10
  5819 | D:8      | Found Asyetzub's Book Shoppe.
  6044 | D:8      | Found Lonasa Kisen's Jewellery Boutique.
  6507 | D:8      | Found a broken altar of Ashenzari.
  6514 | D:8      | Found a shadowy altar of Dithmenos.
  6517 | D:8      | Found a burning altar of Makhleb.
  6971 | D:9      | Noticed Jeremiah
  6992 | D:9      | Killed Jeremiah
  7097 | D:9      | Found Qidweli Muri's Book Shoppe.
  7595 | D:10     | Entered Level 10 of the Dungeon
  7676 | D:10     | Reached XP level 11. HP: 63/71 MP: 11/11
  7689 | D:10     | Identified a scroll of acquirement
  7689 | D:10     | Acquired 503 gold pieces
  7784 | D:10     | Noticed Maggie
  7795 | D:10     | Killed Maggie
  8032 | D:10     | Noticed Sonja
  8095 | D:10     | Killed Sonja
  8096 | D:10     | Reached skill level 5 in Shields
  8398 | D:10     | Found a staircase to the Lair.
  8757 | D:11     | Noticed a manticore
  8777 | D:11     | Killed a manticore
  8803 | D:11     | Found a gate leading to a gauntlet.
  8812 | Gauntlet | Entered a Gauntlet
  8812 | Gauntlet | Found a transporter.
  8812 | Gauntlet | Found a transporter.
  8814 | Gauntlet | Noticed an arcanist
  8817 | Gauntlet | Found a transporter.
  8819 | Gauntlet | Found a transporter.
  8820 | Gauntlet | Noticed an arcanist
  8821 | Gauntlet | Found a transporter.
  8858 | Gauntlet | Found a transporter.
  8861 | Gauntlet | Found a transporter.
  8861 | Gauntlet | Found a transporter.
  8863 | Gauntlet | Noticed an occultist
  8874 | Gauntlet | Noticed a large abomination
  8878 | Gauntlet | Noticed a large abomination
  8886 | Gauntlet | Found a transporter.
  8898 | Gauntlet | Noticed an occultist
  8902 | Gauntlet | Found a transporter.
  8909 | Gauntlet | Found a transporter.
  8910 | Gauntlet | Noticed a hell hog
  8923 | Gauntlet | Found a transporter.
  8944 | Gauntlet | Found a transporter.
  8957 | Gauntlet | Found a transporter.
  9000 | Gauntlet | Killed an arcanist
  9001 | Gauntlet | Reached skill level 10 in Fighting
  9001 | Gauntlet | Reached skill level 1 in Evocations
  9009 | Gauntlet | Identified the +0 pair of gloves of Perfidy {Str+6 Int+3}
  9136 | Gauntlet | Killed a hell hog
  9189 | Gauntlet | Identified the +1 hat of Farfalle {Dex+6}
  9212 | Gauntlet | Noticed a minotaur
  9235 | Gauntlet | Killed a minotaur
  9236 | Gauntlet | Reached skill level 10 in Armour
  9425 | D:11     | Reached XP level 12. HP: 78/78 MP: 12/12
  9563 | D:11     | Noticed Harold
  9608 | D:11     | Killed Harold
  9779 | D:11     | Noticed Nergalle
  9792 | D:11     | Killed Nergalle
 10097 | Lair:1   | Entered Level 1 of the Lair of Beasts
 10097 | Lair:1   | Noticed Fannar
 10108 | Lair:1   | Killed Fannar
 10239 | Lair:1   | Noticed Erica
 10299 | Lair:1   | Killed Erica
 10375 | Lair:1   | Found a shimmering altar of Xom.
 10996 | Lair:1   | Reached XP level 13. HP: 81/84 MP: 13/13
 11103 | Lair:1   | Identified the +6 long sword of Karma {vamp, rCorr Int+2}
 11795 | Lair:2   | Reached skill level 5 in Evocations
 12110 | Lair:2   | Found a staircase to the Shoals.
 12504 | Lair:3   | Reached ***** piety under Trog
 12843 | Lair:3   | Gained mutation: Your large and strong wings let you fly.
                  | [Gargoyle growth]
 12843 | Lair:3   | Reached XP level 14. HP: 92/92 MP: 14/14
 12914 | Lair:3   | Found a staircase to the Snake Pit.
 13740 | Lair:4   | Reached skill level 10 in Shields
 14280 | Lair:4   | Reached skill level 15 in Maces & Flails
 14368 | Lair:5   | Entered Level 5 of the Lair of Beasts
 15105 | Lair:5   | Found a viscous altar of Jiyva.
 15105 | Lair:5   | Found a staircase to the Slime Pits.
 15237 | Lair:5   | Reached XP level 15. HP: 97/99 MP: 15/15
 15266 | Lair:5   | Found the ring of the Tortoise {AC+8}
 15372 | Lair:5   | Identified the +1 chain mail "Ycuuddel" {rElec rCorr Str+3
                  | Int-3}
 15538 | Lair:5   | Received a gift from Trog
 15625 | Lair:5   | Acquired the +10 eveningstar of Triumph {spect, rF+ Str+4}
 16152 | D:12     | Found a staircase to the Orcish Mines.
 17500 | Orc:1    | Entered Level 1 of the Orcish Mines
 17512 | Orc:1    | Received a gift from Trog
 17529 | Orc:1    | Reached ****** piety under Trog
 17813 | Orc:2    | Entered Level 2 of the Orcish Mines
 17813 | Orc:2    | Noticed Saint Roka
 17813 | Orc:2    | Found Mywomah's Jewellery Emporium.
 17837 | Orc:2    | Killed Saint Roka
 17970 | Orc:2    | Noticed an orc warlord
 17991 | Orc:2    | Killed an orc warlord
 18213 | Orc:2    | Found Tuov Iwk's Antique Weapon Shoppe.
 18453 | Orc:2    | Found Yzudesoi's Antique Armour Shoppe.
 18497 | Orc:2    | Found a staircase to the Elven Halls.
 18618 | Orc:2    | Found Cuabbiez's General Store.
 18624 | Orc:2    | Bought a scroll of fear for 56 gold pieces
 18633 | Orc:2    | Found Imauseiq's Jewellery Shoppe.
 18640 | Orc:2    | Bought a ring of see invisible for 180 gold pieces
 18979 | Snake:1  | Entered Level 1 of the Snake Pit
 18990 | Snake:1  | Received a gift from Trog
 19164 | Snake:1  | Reached XP level 16. HP: 107/107 MP: 16/16
 19393 | Snake:1  | Found Xeophi Daico's General Store.
 19397 | Snake:1  | Found Ecweschui's Specific Store.
 19402 | Snake:1  | Bought a potion of might for 68 gold pieces
 19406 | Snake:1  | Bought a potion of haste for 150 gold pieces
 19406 | Snake:1  | Bought a potion of curing for 45 gold pieces
 19406 | Snake:1  | Bought a scroll of teleportation for 45 gold pieces
 19406 | Snake:1  | Bought a scroll of fog for 60 gold pieces
 19820 | Snake:2  | Found Tatobath's Antique Weapon Shop.
 19833 | Snake:2  | Bought a pitted morningstar for 216 gold pieces
 19833 | Snake:2  | Identified the +0 morningstar of the Bespelling Gods
                  | {spect, Will+ Int+3 Dex+3} (You bought it in a shop on
                  | level 2 of the Snake Pit)
 19884 | Snake:2  | Identified the serpent talisman of Insurance {Dex+4}
 19884 | Snake:2  | Noticed Aizul
 19892 | Snake:2  | Killed Aizul
 19893 | Snake:2  | Reached skill level 15 in Fighting
 19967 | Snake:2  | Noticed Roxanne
 19979 | Snake:2  | Killed Roxanne
 20205 | Snake:3  | Received a gift from Trog
 20218 | Snake:2  | Reached skill level 15 in Armour
 20222 | Snake:2  | Reached skill level 10 in Evocations
 21542 | Snake:4  | Entered Level 4 of the Snake Pit
 21601 | Snake:4  | Received a gift from Trog
 21601 | Snake:4  | Found the +10 morningstar "Eos" {elec, Halo rElec}
 21773 | Snake:4  | Reached XP level 17. HP: 105/115 MP: 17/17
 22209 | Snake:4  | Found a shimmering altar of Xom.
 22869 | Snake:4  | Reached skill level 15 in Shields
 22869 | Snake:4  | Received a gift from Trog
 22875 | Snake:4  | Got a serpentine rune of Zot
 24177 | D:14     | Found a gate to the Vaults.
 24302 | D:14     | Noticed Snorg
 24307 | D:14     | Killed Snorg
 24708 | D:14     | Noticed Lodul
 24727 | D:14     | Killed Lodul
 24871 | D:15     | Entered Level 15 of the Dungeon
 24890 | D:15     | Noticed Nessos
 24901 | D:15     | Killed Nessos
 25030 | D:15     | Found a blossoming altar of Fedhas.
 25051 | D:15     | Reached XP level 18. HP: 124/124 MP: 18/18
 25233 | D:15     | Found a staircase to the Depths.
 25401 | Vaults:1 | Entered Level 1 of the Vaults
 25902 | Vaults:1 | Received a gift from Trog
 26569 | Vaults:2 | Noticed a bone dragon
 26581 | Vaults:2 | Killed a bone dragon
 26592 | Vaults:2 | Found a staircase to the Crypt.
 26632 | Vaults:2 | Noticed Zenata
 26647 | Vaults:2 | Killed Zenata
 27432 | Vaults:2 | Received a gift from Trog
 27650 | Vaults:2 | Reached XP level 19. HP: 132/132 MP: 19/19
 28250 | Vaults:3 | Identified the +6 long sword "Roaf" {spect, *Rage rElec
                  | SInv}
 28808 | Vaults:3 | Received a gift from Trog
 29658 | Vaults:4 | Received a gift from Trog
 29938 | Vaults:4 | Reached XP level 20. HP: 140/140 MP: 20/20
 30102 | Vaults:4 | Noticed Donald
 30118 | Vaults:4 | Killed Donald
 30304 | Vaults:4 | Received a gift from Trog
 30812 | Shoals:1 | Entered Level 1 of the Shoals
 30812 | Shoals:1 | Noticed Frances
 30816 | Shoals:1 | Killed Frances
 30832 | Shoals:1 | Noticed Jorgrun
 30849 | Shoals:1 | Killed Jorgrun
 31498 | Shoals:2 | Found Jammadie's Armour Boutique.
 31936 | Shoals:2 | Acquired the +1 tower shield of Omoidyna {Rampage ^Drain
                  | rElec SInv}
 32695 | Shoals:3 | Received a gift from Trog
 33077 | Shoals:4 | Entered Level 4 of the Shoals
 33107 | Shoals:4 | Reached XP level 21. HP: 148/148 MP: 21/21
 33287 | Shoals:4 | Identified the +0 scale mail of Tomorrow {Str+6}
 33289 | Shoals:4 | Paralysed by an air elemental for 1 turns
 33353 | Shoals:4 | Paralysed by an air elemental for 1 turns
 33399 | Shoals:4 | Received a gift from Trog
 33618 | Shoals:4 | Noticed Mlioglotl
 33624 | Shoals:4 | Killed Mlioglotl
 33711 | Shoals:4 | Paralysed by an air elemental for 1 turns
 33729 | Shoals:4 | Got a barnacled rune of Zot
 34082 | Elf:1    | Entered Level 1 of the Elven Halls
 34123 | Elf:1    | Found Nuemosme's Antique Weapon Shop.
 34170 | Elf:1    | Received a gift from Trog
 34604 | Elf:1    | Found Busen's Antique Weapon Shop.
 34904 | Elf:1    | Found Motoca's Antique Armour Boutique.
 34947 | Elf:2    | Received a gift from Trog
 35118 | Elf:2    | Found Sutro's Jewellery Emporium.
 35268 | Elf:2    | Found a shimmering blue altar of Sif Muna.
 35388 | Elf:2    | Found a huge runed translucent gate.
 35388 | Elf:2    | Found a huge runed translucent gate.
 35388 | Elf:2    | Found a huge runed translucent gate.
 35388 | Elf:2    | Found a huge runed translucent gate.
 35388 | Elf:2    | Found a huge runed translucent gate.
 35398 | Elf:2    | Received a gift from Trog
 35491 | Elf:2    | Reached XP level 22. HP: 157/157 MP: 22/22
 36315 | Depths:1 | Entered Level 1 of the Depths
 36467 | Depths:1 | Noticed Qiwept's ghost (veteran BaIE)
 36468 | Depths:1 | Found a transporter.
 36485 | Depths:1 | Received a gift from Trog
 36646 | Depths:1 | Found a transporter.
 36665 | Depths:1 | Killed Qiwept's ghost
 36797 | Depths:1 | Found a gateway to Hell.
 36999 | Depths:1 | Noticed a profane servitor
 37000 | Depths:1 | Found a basalt altar of Yredelemnul.
 37012 | Depths:1 | Killed a profane servitor
 37102 | Depths:1 | Received a gift from Trog
 37147 | Depths:1 | Noticed a juggernaut
 37156 | Depths:1 | Killed a juggernaut
 37424 | Depths:2 | Found a one-way gateway to a ziggurat.
 37433 | Zig:1    | Entered Level 1 of a ziggurat
 37483 | Depths:2 | Found a radiant altar of Vehumet.
 38012 | Depths:2 | Found a one-way gate leading to the halls of Pandemonium.
 38247 | Depths:2 | Noticed a caustic shrike
 38251 | Depths:2 | Killed a caustic shrike
 38316 | Depths:2 | Reached XP level 23. HP: 147/165 MP: 23/23
 38316 | Depths:2 | Identified the +1 scale mail of Baozyjits {Dex-2 Slay+2
                  | Stlth+}
 38395 | Depths:2 | Noticed a caustic shrike
 38398 | Depths:2 | Killed a caustic shrike
 38414 | Depths:2 | Received a gift from Trog
 38930 | Depths:3 | Found a hazy altar of Hepliaklqana.
 38971 | Depths:3 | Noticed a caustic shrike
 38975 | Depths:3 | Killed a caustic shrike
 39039 | Depths:3 | Noticed a caustic shrike
 39063 | Depths:3 | Killed a caustic shrike
 39291 | Depths:3 | Identified the ring "Mahy Yci" {AC+4 Str+2}
 39323 | Depths:3 | Identified the +7 glaive of Distant Shores {elec, *Corrode
                  | Will+ Dex+2}
 39591 | Depths:3 | Received a gift from Trog
 39707 | Depths:3 | Found an ornate altar of the Wu Jian Council.
 39931 | Depths:3 | Reached skill level 1 in Axes
 40615 | Depths:3 | Found a one-way gate to the infinite horrors of the Abyss.
 40752 | Depths:3 | Identified the staff of the Witching Asp {rElec Dex+2 Summ
                  | Air}
 41192 | Vaults:5 | Entered Level 5 of the Vaults
 41264 | Vaults:4 | Reached skill level 5 in Axes
 41446 | Vaults:5 | Identified the amulet "Xougary" {rPois Will++ Regen+}
 41459 | Vaults:5 | Reached XP level 24. HP: 173/173 MP: 23/23
 41518 | Vaults:5 | Identified the +5 acid dragon scales "Zohiwik" {rN+++ Will-
                  | rCorr Int-5 Dex+2}
 41584 | Vaults:5 | Received a gift from Trog
 41642 | Vaults:5 | Identified the ring "Idekex" {Will++ Str+6}
 41652 | Vaults:5 | Found the +16 obsidian axe {drain, demonic, Mesm ^Drain Fly
                  | SInv}
 41680 | Vaults:5 | Identified the +9 shortbow "Ahad" {heavy, rElec rPois rC++
                  | Int-2}
 41685 | Vaults:5 | Identified the death talisman "Ciuraer" {Dex+4}
 41799 | Vaults:5 | Noticed a dread lich
 41810 | Vaults:5 | Killed a dread lich
 41887 | Vaults:5 | Identified the +4 long sword "Orb Guardian's Regret"
                  | {protect, Str+2}
 42013 | Vaults:5 | Reached skill level 10 in Axes
 42284 | Vaults:5 | Got a silver rune of Zot
 42461 | Vaults:5 | Found the ring of the Octopus King {rC+ HP+2 AC+2 EV+2
                  | SH+2}
 42791 | Elf:3    | Entered Level 3 of the Elven Halls
 42865 | Elf:3    | Received a gift from Trog
 43194 | Elf:3    | Found the +8 trishula "Condemnation" {holy, anguish, *Noise
                  | Fly rN+}
 43197 | Elf:3    | Paralysed by an air elemental for 1 turns
 43212 | Elf:3    | Identified the +6 whip of the Doomed Warrior {antimagic,
                  | rN+ Int-5 Dex+3}
 43219 | Elf:3    | Identified the ring "Nynauw" {rElec rC+ rN+ Str+3 Dex+4}
 43236 | Elf:3    | Acquired a manual of Axes
 43338 | Elf:3    | Identified the +13 chain mail of Discretion {*Corrode rElec
                  | Dex+6}
 43386 | Elf:3    | Identified the amulet "Xunil" {RegenMP Int+4}
 43431 | Elf:3    | Found the +9 sword of Zonguldrok {reap}
 43439 | Elf:3    | Identified the +0 scale mail of the King of the Hill {Harm
                  | rCorr Int-3 Stlth+}
 43448 | Elf:3    | Identified the +1 robe "Wiqit" {rElec rC+ Int+3}
 43590 | Elf:3    | Identified the +3 hand axe of Urchalogg {flame, rC+} (Trog
                  | gifted it to you on level 3 of the Elven Halls)
 43590 | Elf:3    | Received a gift from Trog
 43605 | Elf:3    | Noticed Asterion
 43618 | Elf:3    | Killed Asterion
 43664 | Elf:3    | Found Zamomao's Magic Scroll Shop.
 43677 | Elf:3    | Bought a scroll of teleportation for 51 gold pieces
 43677 | Elf:3    | Bought a scroll of teleportation for 51 gold pieces
 43677 | Elf:3    | Bought a scroll of blinking for 127 gold pieces
 44207 | Crypt:1  | Entered Level 1 of the Crypt
 44221 | Crypt:1  | Identified the storm talisman of Midsummer {Str+4}
 44221 | Crypt:1  | Noticed Sojobo
 44227 | Crypt:1  | Paralysed by an air elemental for 1 turns
 44233 | Crypt:1  | Paralysed by an air elemental for 1 turns
 44234 | Crypt:1  | Reached skill level 15 in Axes
 44241 | Crypt:1  | Paralysed by an air elemental for 1 turns
 44252 | Crypt:1  | Killed Sojobo
 44493 | Crypt:1  | Reached XP level 25. HP: 178/178 MP: 23/23
 45206 | Crypt:2  | Received a gift from Trog
 46101 | Crypt:3  | Entered Level 3 of the Crypt
 46422 | Crypt:3  | Received a gift from Trog
 46592 | Crypt:3  | Found a staircase to the Tomb.
 46768 | Crypt:3  | Noticed an ancient lich
 46768 | Crypt:3  | Noticed a dread lich
 46784 | Crypt:3  | Noticed an ancient lich
 46790 | Crypt:3  | Killed an ancient lich
 46793 | Crypt:3  | Killed a dread lich
 46801 | Crypt:3  | Killed an ancient lich
 46815 | Crypt:3  | Identified the staff of Arrival {^Fragile rElec rC++ rN+
                  | Necro Fire}
 46815 | Crypt:3  | Identified the death talisman of Honour {rElec rF- Will-
                  | rCorr}
 46817 | Crypt:3  | Identified the staff "Kozaabba" {rC+ rCorr Int+3 Ice Air}
 47550 | Slime:1  | Entered Level 1 of the Pits of Slime
 47619 | Slime:2  | Received a gift from Trog
 47645 | Slime:5  | Entered Level 5 of the Pits of Slime
 47681 | Slime:5  | Gained mutation: You are dopey. (Int -2) [a shining eye]
 47683 | Slime:5  | Gained mutation: You occasionally shout uncontrollably at
                  | your foes. [a shining eye]
 47687 | Slime:5  | Gained mutation: You sometimes lose your temper in combat.
                  | [a shining eye]
 47690 | Slime:5  | Gained mutation: Your body sometimes deteriorates upon
                  | taking damage. [a shining eye]
 47696 | Slime:5  | Found the +8 mithril axe "Arga" {speed, Will+}
 47703 | Slime:5  | Noticed the Royal Jelly
 47810 | Slime:5  | Killed the Royal Jelly
 47868 | Slime:5  | Got a starry gem with 354 turns to spare
 47871 | Slime:5  | Got a slimy rune of Zot
 47872 | Slime:5  | Identified the amulet "Fipt" {Acrobat Harm rC+++ rCorr
                  | Str-4}
 47911 | Slime:5  | Identified the ring "Zosmeore" {rN+ Dex+4}
 47953 | Slime:5  | Identified the staff of the Fray {rF+ rC- Will++ Int+5
                  | Fire}
 48061 | Slime:5  | Identified the +1 lajatang "Recori Esao" {protect, Stlth+}
 48065 | Slime:5  | Identified the ring of Teiwec {^Drain AC+4 Str+2 Stlth+}
 48117 | Slime:5  | Identified the +9 mace "Widowmaker" {heavy, rPois rN+}
 48224 | Slime:5  | Lost the starry gem through the power of Zot.
 48306 | Slime:5  | Reached XP level 26. HP: 188/188 MP: 9/23
 48728 | Slime:4  | Gained mutation: You are very dopey. (Int -4) [a shining
                  | eye]
 49179 | Hell     | Entered the Vestibule of Hell
 49187 | Hell     | Noticed Geryon
 49270 | Hell     | Received a gift from Trog
 49292 | Hell     | Noticed Murray
 49315 | Hell     | Killed Murray
 49355 | Hell     | Lost mutation: Your body sometimes deteriorates upon taking
                  | damage. [potion of mutation]
 49355 | Hell     | Lost mutation: You occasionally shout uncontrollably at
                  | your foes. [potion of mutation]
 49355 | Hell     | Lost mutation: You have a pair of small antennae on your
                  | head. [potion of mutation]
 49355 | Hell     | Gained mutation: You are somewhat resistant to further
                  | mutation. [potion of mutation]
 49450 | Hell     | Found a gateway to the freezing wastes of Cocytus.
 49490 | Hell     | Killed Geryon
 49626 | Hell     | Found a gateway to the Iron City of Dis.
 49767 | Hell     | Found a gateway to the ashen valley of Gehenna.
 49851 | Hell     | Found a gateway to the decaying netherworld of Tartarus.
 50006 | Depths:4 | Entered Level 4 of the Depths
 50006 | Depths:4 | Found Isiomiw's Armour Boutique.
 50079 | Depths:4 | Received a gift from Trog
 50148 | Depths:4 | Found a gate to the Realm of Zot.
 50657 | Depths:1 | Lost mutation: You sometimes lose your temper in combat.
                  | [potion of mutation]
 50657 | Depths:1 | Lost mutation: You are very dopey. (Int -4) [potion of
                  | mutation]
 50657 | Depths:1 | Lost mutation: You are dopey. (Int -2) [potion of mutation]
 50657 | Depths:1 | Gained mutation: Your mind is acute. (Int +4, Str/Dex -1)
                  | [potion of mutation]
 50657 | Depths:1 | Gained mutation: You possess an exceptional clarity of
                  | mind. [potion of mutation]
 51038 | Zot:1    | Entered Level 1 of the Realm of Zot
 51072 | Zot:1    | Received a gift from Trog
 51478 | Zot:1    | Found the +4 dragonskin cloak
 51478 | Zot:1    | Noticed Tiamat
 51547 | Zot:1    | Reached XP level 27. HP: 183/196 MP: 23/23
 51569 | Zot:1    | Killed Tiamat
 51947 | Zot:2    | Received a gift from Trog
 52207 | Zot:2    | Noticed Grunn
 52224 | Zot:2    | Killed Grunn
 52726 | Zot:3    | Reached skill level 27 in Fighting
 53005 | Zot:3    | Received a gift from Trog
 53005 | Zot:3    | Found the +8 whip "Snakebite" {venom, curare, rPois}
 53093 | Zot:3    | Reached skill level 27 in Armour
 53489 | Zot:4    | Noticed an orb of fire
 53493 | Zot:4    | Reached skill level 27 in Shields
 53495 | Zot:4    | Received a gift from Trog
 53506 | Zot:4    | Gained mutation: Your magical capacity is low. (-10% MP)
                  | [an orb of fire]
 53516 | Zot:4    | Killed an orb of fire
 53750 | Zot:4    | Noticed Sofait's ghost (legendary GnFE)
 53751 | Zot:4    | Found a transporter.
 53914 | Zot:4    | Found a transporter.
 54168 | Zot:4    | Killed Sofait's ghost
 54199 | Abyss:3  | Cast into level 3 of the Abyss (black draconian knight)
 54304 | Abyss:3  | Found a corrupted altar of Lugonu.
 54353 | Abyss:3  | Found a corrupted altar of Lugonu.
 54515 | Abyss:3  | Found a corrupted altar of Lugonu.
 54658 | Abyss:3  | Received a gift from Trog
 54680 | Abyss:3  | Got an abyssal rune of Zot
 54700 | Zot:4    | Escaped the Abyss
 54793 | Zot:4    | Identified the +0 falchion "Acluumn" {heavy, *Slow rC++
                  | rN+}
 54807 | Zot:4    | Identified the +2 hat "Gimim" {-Tele Str+2 Int+5}
 54853 | Zot:5    | Entered Level 5 of the Realm of Zot
 55236 | Orc:2    | Bought a ring of protection from fire for 300 gold pieces
 55657 | Zot:5    | Identified the +2 pair of boots of the Sea {rC+ rCorr}
 56061 | Elf:1    | Bought the +3 crown of Dyrovepreva {rElec Int+2 SInv} for
                  | 1449 gold pieces
 56061 | Elf:1    | Found the +3 crown of Dyrovepreva {rElec Int+2 SInv}
 56495 | Zot:5    | Noticed an ancient lich
 56505 | Zot:5    | Killed an ancient lich
 56510 | Zot:5    | Noticed an orb of fire
 56518 | Zot:5    | Gained mutation: Your health recovers twice as slowly from
                  | being drained. [an orb of fire]
 56525 | Zot:5    | Noticed a dread lich
 56534 | Zot:5    | Killed a dread lich
 56535 | Zot:5    | Killed an orb of fire
 56898 | Zot:5    | Reached skill level 15 in Evocations
 56899 | Zot:5    | Gained mutation: Potions are less effective at restoring
                  | your health. [mutagenic glow]
 56915 | Zot:5    | Paralysed by a Zot trap for 2 turns
 56961 | Zot:5    | Noticed an orb of fire
 56965 | Zot:5    | Noticed an orb of fire
 56969 | Zot:5    | Lost mutation: Your mind is acute. (Int +4, Str/Dex -1) [an
                  | orb of fire]
 56975 | Zot:5    | Killed an orb of fire
 56984 | Zot:5    | Killed an orb of fire
 57067 | Zot:5    | Got the Orb of Zot
 57299 | Depths:2 | Received a gift from Trog
 57717 | D:6      | Noticed Pall the pandemonium lord
 57896 | D:$      | Escaped with the Orb!

Illustrated notes

Levels and vault maps discovered:
D:1:      lemuel_arrival_broad_hall, layout_basic,
          nicolae_concentric_dashed_squares_wild, minmay_hexomino_p4
D:2:      layout_loops_ring
D:3:      layout_basic, serial_bayou_ford_a, st_stairs_5,
          nicolae_elevator_lobby_asterisk
D:4:      layout_basic, minmay_temple_entry_butterflies, uniq_ijyb, uniq_pikel,
          uniq_sigmund
D:5:      layout_gridville, chequers_temple_overflow_statue_of_worship,
          minmay_overflow_temple_star_hex, portal_sewer_entry_f
D:6:      layout_loops_ring, chequers_serial_rivers_micro_e,
          kennysheep_minor_cross, minivault_25, kennysheep_generic_room_13
D:7:      layout_gridville
D:8:      layout_loops_ring, minitemple, serial_shops, shop,
          nicolae_shop_window_shopping
D:9:      layout_irregular_city, serial_shops, shop, kennysheep_generic_room_14,
          uniq_jeremiah
D:10:     layout_basic, david_lair_generic, uniq_maggie, uniq_sonja
D:11:     layout_basic, gauntlet_entry_generic, special_room [special_room_orc],
          uniq_harold, uniq_nergalle
D:12:     layout_roguey, zombieorc2_lemuel, lemuel_flame_loot_1
D:13:     kennysheep_funnel, layout_basic
D:14:     layout_grid_maze, erik_vaults_1, minmay_misc_feat_pillars, uniq_snorg,
          uniq_lodul
D:15:     gammafunk_enter_depths_forms, layout_cave_pools, fedhas_altar_3,
          uniq_nessos
Lair:1:   minmay_lair_oklob_chamber, layout_misc_corridors, basic_altar,
          bh_autumn_forest_stairs, serial_bayou_crossing, grunt_megastairs_5,
          uniq_erica, uniq_fannar
Lair:2:   layout_roguey, mainiacjoe_shoals_entry_four_pools,
          beast_lair_carwin_4, grunt_megastairs_1, lemuel_fruit_tree,
          lemuel_fruit_fields
Lair:3:   wad_woods_structure_01, layout_gridlike,
          minmay_snake_entry_guardpost_medium, dreamdust_mushroom_princess
Lair:4:   layout_hall_layers, chequers_serial_rivers_micro_e, st_stairs_9,
          beast_lair_carwin_2, grunt_megastairs_4, lemuel_fruit_fields
Lair:5:   wormcave, layout_gridlike, hangedman_lair_in_review,
          dpeg_slime_entry_enclosed
Shoals:1: layout_shoals, uniq_jorgrun, uniq_frances
Shoals:2: layout_shoals, serial_shops, shop
Shoals:3: layout_shoals, nicolae_shoals_hunting_party
Shoals:4: shoals_end_hellmonk_storm_palace [storm_palace_center_circular,
          storm_palace_corner_reverse_hut, storm_palace_corner_blocked,
          storm_palace_corner_grid, storm_palace_corner_pillars], uniq_mlioglotl
Snake:1:  layout_layer_cave, st_stairs_14, nrook_loot_triangle,
          serial_library_hellmonk_big_corner, nicolae_specific_store
Snake:2:  layout_cave_shapes, serial_shops, nicolae_shop_overgrown_old_shop,
          uniq_roxanne, uniq_aizul
Snake:3:  layout_chambers, nicolae_triple_integral
Snake:4:  grunt_snake_rune_pools, layout_chambers, basic_altar
Slime:1:  layout_caves, cheibrodos_slime_lost_civilization_7
Slime:2:  layout_caves
Slime:3:  layout_caves
Slime:4:  layout_caves, cheibrodos_slime_lost_civilization_4
Slime:5:  slime_pit_nicolae_amoeboid
Orc:1:    layout_caves, kennysheep_orc_chapel
Orc:2:    grunt_orc_cross, layout_diamond_mine, serial_shops,
          nicolae_shop_peninsula, uniq_saint_roka
Elf:1:    eino_elf_arrival_shootout, layout_rooms, serial_shops, shop,
          minmay_elf_demonology, evilmike_ambush [evilmike_ambush_outer_pillars,
          evilmike_ambush_inner_basic], minmay_shoptagon
Elf:2:    elven_hall_of_blades_hangedman_alternative
          [nicolae_blade_entry_sentries_behind_glass], layout_gridlike,
          serial_shops, shop, lemuel_statue_altar, minivault_16, lemuel_elevator
Elf:3:    nooodl_elf_gasket, layout_geoelf_grid, serial_shops,
          nicolae_shop_getting_attention, nicolae_elf_archery_training,
          uniq_asterion
Vaults:1: nicolae_vaults_shipping_containers_4, ontoclasm_vaults_shuriken,
          hangedman_vaults_variations, hangedman_vaults_hat,
          nicolae_vaults_little_squares_3, vaults_dpeg_emergency_exit,
          nicolae_vaults_diagonal_hallway_7, nicolae_vaults_network_star,
          nicolae_vaults_shrinking_rooms_1,
          vaults_standard_mumra_enter_the_diamond, vaults_room_door_ring,
          nicolae_vaults_three_branches, nicolae_vaults_storage_room_doors,
          layout_vaults_maze_snakey
Vaults:2: minmay_crypt_entry_nasty_monster, ontoclasm_vaults_fault,
          hangedman_vaults_impose, dpeg_vaults_monster_box,
          ontoclasm_vaults_ligature, hangedman_vaults_corner,
          vaults_mumra_hexcomb, v_alt_pattern_6,
          nicolae_vaults_diagonal_hallway_8, nicolae_vaults_apartment_1,
          layout_vaults_chaotic_city, uniq_zenata
Vaults:3: hangedman_vaults_nails, nicolae_vaults_apartment_2,
          vaults_dpeg_spiral, hangedman_vaults_cutoff, nicolae_vaults_asterisk,
          nicolae_vaults_trapezoid_2, v_rooms_1, v_alt_pattern_5,
          nicolae_vaults_variable_pillar_hall, nicolae_vaults_tetromino_T_2,
          nicolae_vaults_ring_of_whatevers, nicolae_vaults_storage_room_statues,
          layout_vaults_quadrants
Vaults:4: grunt_vaults_funneled_arena, v_misc_1, nicolae_vaults_apartment_2,
          nicolae_vaults_house_3, grunt_vaults_focal, nicolae_vaults_theta,
          dpeg_vaults_monster_row, nicolae_vaults_diagonal_hallway_6,
          v_pattern_4, ontoclasm_vaults_chip, layout_vaults_omnibox, uniq_donald
Vaults:5: serial_shops
Crypt:1:  layout_misc_corridors, serial_library,
          serial_library_regret_index_split_case,
          serial_library_hellmonk_room_c, serial_library_hellmonk_hallway_a,
          serial_library_regret_index_closets,
          serial_library_regret_index_small_wings,
          serial_library_hellmonk_reading_circle,
          serial_library_hellmonk_secret_room,
          serial_library_hellmonk_open_cross,
          serial_library_hellmonk_small_corner, grunt_crypt_arrival_webbed,
          uniq_sojobo
Crypt:2:  layout_catacombs, moated_statue, uniq_margery
Crypt:3:  david_glass_crypt, layout_chaotic_city, tomb_entry_sphere_bobbens,
          minivault_5, grunt_ministairs_15
Depths:1: cheibrodos_hall_of_evolution, layout_cave_pools,
          lightli_enter_wizlab_magi_temple, gammafunk_ghost_arena,
          pf_hell_entry_tar_river, chequers_serial_rivers_room_a,
          hangedman_blasphemy
Depths:2: nicolae_aperiodic_l_corner, layout_gridlike, enter_ziggurat_a,
          grunt_hell_horde, nicolae_vehumet_altar_sigil, pan_entry,
          infiniplex_staircase_pillars_2
Depths:3: minmay_the_grid_square_5x5_5x5 [minmay_the_grid_square_5x5_bridge,
          minmay_the_grid_square_5x5_spiral_small,
          minmay_the_grid_square_5x5_three_small,
          minmay_the_grid_square_5x5_meh,
          minmay_the_grid_square_5x5_eight_small,
          minmay_the_grid_square_5x5_half_checkered,
          minmay_the_grid_square_5x5_prize_gold,
          minmay_the_grid_square_5x5_hollow_slash,
          minmay_the_grid_square_5x5_prize_pseudospiral,
          minmay_the_grid_square_5x5_bracketed,
          minmay_the_grid_square_5x5_misaligned,
          minmay_the_grid_square_5x5_plus,
          minmay_the_grid_square_5x5_prize_snowflake,
          minmay_the_grid_square_5x5_comb,
          minmay_the_grid_square_5x5_almost_minimal,
          minmay_the_grid_square_5x5_c, minmay_the_grid_square_5x5_prize_junk,
          minmay_the_grid_square_5x5_mess,
          minmay_the_grid_square_5x5_prize_waves,
          minmay_the_grid_square_5x5_inset, minmay_the_grid_square_5x5_forky,
          minmay_the_grid_square_5x5_tie, minmay_the_grid_square_5x5_one_wall,
          minmay_the_grid_square_5x5_checkered_sparse,
          minmay_the_grid_square_5x5_n_small], layout_gridlike,
          abyss_entry_glasseish, pf_vacation_house_of_asmodeus,
          nzn_wu_jian_contemplation, worldfamousw_hep_ancestral_shrine
Depths:4: grunt_x_marks_the_spot, layout_basic, serial_shops, shop,
          kennysheep_flooded_box, minmay_room_of_horrors, hell_entry
Hell
Zot:1:    layout_misc_corridors, uniq_tiamat
Zot:2:    layout_gridlike, uniq_grunn
Zot:3:    layout_gridlike, grunt_megastairs_2
Zot:4:    layout_misc_corridors, gammafunk_ghost_abyssal_escape,
          regret_index_zotdec_decaying_vile
Zot:5:    layout_misc_corridors, kennysheep_underground_church

Skill      XL: |  1  2  3  4  5  6  7  8  9 10 11 12 13 14 15 16 17 18 19 20 21 22 23 24 25 26 27 |
---------------+----------------------------------------------------------------------------------+-----
Maces & Flails | 4 5 6 7 8 10 11 12 14 15 16 | 16.1
Armour         | 3 4 5 6 7 9 10 11 12 13 14 15 17 18 19 20 22 23 25 26 27 | 27.0
Fighting       | 4 5 6 8 9 10 11 12 13 14 15 17 18 20 21 22 23 24 25 26 27 | 27.0
Shields        | 1 4 6 7 9 10 12 13 15 17 18 19 20 22 24 25 27 | 27.0
Evocations     | 2 4 6 7 9 10 16 | 16.1
Axes           | 7 15 18 | 18.2
Dodging        | |  1.5

Action                     |  1- 3 |  4- 6 |  7- 9 | 10-12 | 13-15 | 16-18 | 19-21 | 22-24 | 25-27 || total
---------------------------+-------+-------+-------+-------+-------+-------+-------+-------+-------++-------
  Melee: Mace              |   125 |     2 |       |       |       |       |       |       |       ||   127
         Punch             |     1 |       |       |       |       |       |       |       |       ||     1
         Whip              |       |   182 |   521 |  1295 |    32 |       |       |       |       ||  2030
         Flail             |       |       |       |       |  1304 |    16 |   374 |   469 |       ||  2163
         Eveningstar       |       |       |       |       |   292 |   742 |   823 |   634 |       ||  2491
         Broad axe         |       |       |       |       |       |       |       |   511 |  2793 ||  3304
  Throw: Throwing net      |       |       |       |       |       |       |     1 |       |       ||     1
 Invoke: Berserk           |       |     3 |     7 |    15 |     9 |     2 |     1 |     2 |       ||    39
         Trog's Hand       |       |     1 |     2 |    13 |     8 |     7 |     5 |     7 |     9 ||    52
         Brothers in Arms  |       |       |       |       |       |       |       |     1 |       ||     1
    Use: Potion            |       |     2 |       |     3 |       |     1 |     2 |     2 |     6 ||    16
         Scroll            |       |       |     8 |     8 |     7 |    14 |    10 |    14 |     5 ||    66
   Stab: Petrified         |       |       |       |       |     9 |       |       |       |       ||     9
         Petrifying        |       |       |       |       |     2 |       |       |       |       ||     2
         Distracted        |       |       |       |       |     1 |    14 |     8 |    14 |       ||    37
 Armour: Animal skin       |    10 |       |       |       |       |       |       |       |       ||    10
         Chain mail        |    71 |     2 |       |       |       |       |       |       |       ||    73
         Ring mail         |     7 |       |       |       |       |       |       |       |       ||     7
         Crystal plate arm |       |   136 |   429 |   728 |  1164 |   524 |   794 |   954 |  2181 ||  6910
  Dodge: Dodged            |    69 |    21 |    86 |   164 |   339 |   137 |   207 |   236 |   601 ||  1860
  Block: Buckler           |     3 |    61 |   176 |   444 |   972 |   439 |   316 |       |       ||  2411
         Reflection        |       |     2 |     5 |     4 |    21 |    87 |    98 |    14 |       ||   231
         Kite shield       |       |       |    13 |    81 |       |       |       |       |       ||    94
         Tower shield      |       |       |       |       |       |       |   849 |  1712 |  3385 ||  5946
